 Dungeon Crawl Stone Soup version 0.22.1-2-g9c5b331383 (webtiles) character file.

108 Marnok the Ruffian (level 4, -1/45 HPs)
             Began as a Troll Berserker on Nov 23, 2018.
             Was a Believer of Trog.
             Slain by Edmund
             ... wielding a +2 dire flail of draining
              (10 damage)
             ... on level 4 of the Dungeon.
             The game lasted 00:08:27 (1132 turns).

Marnok the Ruffian (Troll Berserker)                Turns: 1132, Time: 00:08:27

Health: -1/45      AC:  5    Str: 31    XL:     4   Next: 58%
Magic:  3/3        EV: 14    Int:  8    God:    Trog [**....]
Gold:   195        SH:  0    Dex: 14    Spells: 3/3 levels left

rFire    . . .     SeeInvis .   (no weapon)
rCold    . . .     Gourm    +   (no shield)
rNeg     . . .     Faith    .   a - +0 animal skin
rPois    .         Spirit   .   (helmet restricted)
rElec    .         Reflect  .   (no cloak)
rCorr    .         Harm     .   (gloves unavailable)
MR       .....                  (boots unavailable)
Stlth    ++........             (no amulet)
HPRegen  0.55/turn              (no ring)
MPRegen  0.08/turn              (no ring)

@: mighty, brilliant, agile, very heavily drained
A: large, unfitting armour, claws 3, fast metabolism 3, gourmand, regeneration
1, shaggy fur 1, tough skin 2
a: Berserk, Trog's Hand, Renounce Religion


You were on level 4 of the Dungeon.
You worshipped Trog.
Trog was pleased with you.
You were not hungry.

You visited 1 branch of the dungeon, and saw 5 of its levels.

You collected 195 gold pieces.

Inventory:

Missiles
 k - 5 needles of frenzy
 o - 23 sling bullets
Armour
 a - a +0 animal skin (worn)
 s - a +0 chain mail
 t - a +0 chain mail
Jewellery
 q - an uncursed ring of magical power {unknown}
Scrolls
 e - 5 scrolls of identify {unknown}
 f - 3 scrolls of immolation {unknown}
 g - 3 scrolls of enchant armour {unknown}
 i - 2 scrolls of remove curse {unknown}
 j - a scroll of enchant weapon {unknown}
 n - a scroll of noise {unknown}
 u - a scroll of amnesia {unknown}
Potions
 d - a potion of degeneration {unknown}
 h - a potion of brilliance
 r - a potion of magic {unknown}
Comestibles
 b - 4 rations
 p - 3 chunks of flesh


   Skills:
 + Level 3.0(0.0) Fighting
 + Level 3.4(0.0) Dodging
 + Level 4.0(0.5) Unarmed Combat


You had 3 spell levels left.
You didn't know any spells.
Your spell library was empty.

Dungeon Overview and Level Annotations

Branches:
Dungeon (5/15)             Temple (0/1) D:4

Altars:

Annotations:
D:4 Edmund


Innate Abilities, Weirdness & Mutations

You are too large for most types of armour.
You have claws for hands.
Your metabolism is lightning-fast.
You like to eat raw meat.
Your natural rate of healing is unusually fast.
You are covered in fur. (AC +1)
You have very tough skin. (AC +2)


Message History

Edmund is severely wounded.
Edmund misses you.
You claw Edmund!
Edmund is almost dead.
Edmund barely misses you.
You closely miss Edmund.
Edmund is almost dead.
Edmund misses you.
You completely miss Edmund.
Edmund is almost dead.
You barely miss Edmund.
Edmund is almost dead.
Edmund hits you with a dire flail of draining!
* * * LOW HITPOINT WARNING * * *
You feel drained.
* * * LOW HITPOINT WARNING * * *
Okay, then.
It was a potion of curing.
You feel better.
Edmund hits you with a dire flail of draining!
You die...

#..........
#..........
#....#...#
#... #.⌠.# .
#..###...###..
#.............
#...⌠..>..⌠...
#.............
#..###@..###.
#....#.@.#
#....#...#
##..........
#.....#######
#.##### #.#
#.#
##########.##


You could see Edmund.

Vanquished Creatures
  A hound skeleton (D:4)
  2 adders (D:2)
  2 oozes (D:1)
  3 worms (D:2)
  3 leopard geckos
  3 ball pythons (D:2)
  5 bats
  4 giant cockroaches
  5 goblins
  6 hobgoblins
  8 jackals (D:1)
  A quokka (D:4)
  2 frilled lizards
  3 kobolds
  4 rats
52 creatures vanquished.

Notes
Turn   | Place    | Note
-------+----------+-------------------------------------------
     0 | D:1      | Marnok the Troll Berserker began the quest for the Orb.
     0 | D:1      | Reached XP level 1. HP: 22/22 MP: 0/0
    36 | D:1      | Reached XP level 2. HP: 29/29 MP: 1/1
   217 | D:1      | Reached XP level 3. HP: 36/36 MP: 2/2
   546 | D:2      | Reached ** piety under Trog
   664 | D:2      | Reached XP level 4. HP: 44/44 MP: 3/3
   824 | D:2      | Noticed a gnoll sergeant
   965 | D:4      | Noticed Grinder
  1061 | D:5      | Entered Level 5 of the Dungeon
  1090 | D:4      | Found a staircase to the Ecumenical Temple.
  1098 | D:4      | Reached skill level 4 in Unarmed Combat
  1102 | D:4      | Noticed Edmund
  1118 | D:4      | HP: 1/45 [Edmund/dire flail of draining (4)]
  1131 | D:4      | HP: 1/45 [Edmund/dire flail of draining (6)]
  1132 | D:4      | Slain by Edmund

Skill      XL: |  1  2  3  4 |
---------------+-------------+-----
Dodging        | 3 |  3.4
Fighting       | 3 |  3.0
Unarmed Combat | 4 |  4.0

Action                   |  1- 3 |  4- 6 || total
-------------------------+-------+-------++-------
Melee: Unarmed           |   104 |    61 ||   165
Invok: Berserk           |     1 |       ||     1
  Use: Potion            |       |     5 ||     5
  Eat: Ration            |     1 |     1 ||     2
       Chunk             |     1 |     1 ||     2
Armor: Animal skin       |    42 |    21 ||    63
Dodge: Dodged            |    58 |    29 ||    87
